 Dungeon Crawl Stone Soup version 0.27.0-1-g7a089689b8 (webtiles) character file.

Game seed: 16472064059733339687

98 mopl the Sneak (level 4, -1/29 HPs)
             Began as an Octopode Brigand on Aug 1, 2021.
             Was an Initiate of Dithmenos.
             Killed from afar by Natasha (8 damage)
             ... with a magic dart
             ... on level 3 of the Dungeon.
             The game lasted 00:03:31 (1811 turns).

mopl the Sneak (Octopode Brigand)                   Turns: 1811, Time: 00:03:34

Health: -1/29      AC:  1    Str: 10    XL:     4   Next: 71%
Magic:  4/4        EV: 12    Int: 13    God:    Dithmenos [......]
Gold:   12         SH:  0    Dex: 14    Spells: 3/3 levels left

rFire    . . .     SeeInvis .   a - +2 dagger
rCold    . . .     Faith    .   (no shield)
rNeg     . . .     Spirit   .   (helmet restricted)
rPois    .         Reflect  .   (no amulet)
rElec    .         Harm     .   (no ring)
rCorr    .         Rampage  .   (no ring)
Will     .....                  (no ring)
Stlth    ++++......             (no ring)
HPRegen  0.09/turn              (no ring)
MPRegen  0.09/turn              (no ring)
                                (no ring)
                                (no ring)

@: no status effects
A: almost no armour, amphibious, 8 rings, camouflage 1, gelatinous body 1,
(nimble swimmer 1), tentacles
a: Renounce Religion


You were on level 3 of the Dungeon.
You worshipped Dithmenos.
Dithmenos was noncommittal.
You visited 1 branch of the dungeon, and saw 3 of its levels.

You collected 96 gold pieces.
You spent 84 gold pieces at shops.

Inventory:

Hand Weapons
 a - a +2 dagger (weapon)
Missiles
 b - 30 poisoned darts (quivered)
 c - 2 curare-tipped darts
 g - 32 stones
 k - 5 silver javelins
Jewellery
 j - a ring of positive energy
Wands
 o - a wand of iceblast (10)
Scrolls
 d - a scroll of identify {unknown}
 i - a scroll of amnesia {unknown}
 n - a scroll of fog
Potions
 e - 2 potions of curing {unknown}
 f - a potion of haste {unknown}
 h - a potion of resistance {unknown}
 l - a potion of lignification {unknown}
 m - a potion of berserk rage


   Skills:
 - Level 2.0 Fighting
 * Level 3.3 Short Blades
 + Level 2.7 Throwing
 - Level 1.0 Dodging
 * Level 6.5 Stealth
 + Level 0.7 Invocations


You had 3 spell levels left.
You didn't know any spells.
Your spell library was empty.

Dungeon Overview and Level Annotations

Branches:
Dungeon (3/15)

Altars:
Dithmenos
Hepliaklqana
Okawaru
Ru

Shops:
D:3 *

Annotations:
D:3 Natasha


Innate Abilities, Weirdness & Mutations

You cannot wear most types of armour.
You are amphibious.
You can wear up to eight rings at the same time.
Your skin changes colour to match your surroundings (Stealth+).
Your rubbery body absorbs attacks. (AC +1, EV +1)
((You are camouflaged near water. (Stealth+)))
You have tentacles for arms and can constrict up to eight enemies at once.


Message History

Natasha, Servant of Life and Death comes into view.
The kobold completely misses you.
Natasha hisses angrily.
The orc shouts!
You hit the kobold. Your grab misses the kobold.
You squeeze the kobold, but do no damage.
The kobold is moderately wounded.
You completely miss the kobold. Your grab misses the kobold.
The kobold is moderately wounded.
The kobold barely misses you.
You hit the kobold. You grab the kobold. You squeeze the kobold.
You kill the kobold!
Dithmenos accepts your kill. The bat hits you but does no damage.
The bat misses you.
You hit the bat. Your grab misses the bat. You squeeze the bat.
You kill the bat!
Dithmenos accepts your kill.
Natasha stares at you and mumbles some strange words.
The magic dart hits you!
You hit Natasha. Your grab misses Natasha. Your squeeze misses Natasha.
Natasha is moderately wounded.
You hit Natasha. You grab Natasha.
Natasha is moderately wounded.
You constrict Natasha, but do no damage.
Natasha claws you.
You barely miss Natasha.
Natasha is moderately wounded.
You constrict Natasha.
Natasha mumbles some strange words.
You hit Natasha.
Natasha is severely wounded.
You constrict Natasha. Natasha claws you.
You barely miss Natasha. You squeeze Natasha.
Natasha is almost dead.
You constrict Natasha, but do no damage.
The shadow imp hits you.
* * * LOW HITPOINT WARNING * * *
Natasha stares at you and mumbles some strange words.
The magic dart hits you!
You die...

..##.......##.....# #..
..''.......##.....# #..
..##.......##.....#############..
....>......++.....+..............
####.......##.....#.####.#...###.
..##.####+###..................#.
..##.# #.....##.##.....##.#.
..##.. ####5###.##.....##.#.
..##.. #@# #..#..†..##.## ### #h#
##.#.....##.#
......)o..##.#.....##.#
.#....$...##.......##.#
#........###......##.#
..........# #.#....##.#
##..####### #......##.# #.#
##.....##.# .. .....##.#


You could see Natasha, a shadow imp (summoned) and an orc.

Vanquished Creatures
  Ijyb (D:3)
  Terence (D:3)
  An adder (D:2)
  An orc (D:3)
  3 endoplasms
  A giant cockroach (D:2)
  6 goblins
  2 hobgoblins (D:2)
  5 jackals (D:2)
  2 kobolds
  2 quokkas
  3 ball pythons
  3 bats
  2 frilled lizards
  7 rats
40 creatures vanquished.

Notes
Turn   | Place    | Note
-------+----------+-------------------------------------------
     0 | D:1      | mopl the Octopode Brigand began the quest for the Orb.
     0 | D:1      | Reached XP level 1. HP: 14/14 MP: 1/1
   193 | D:1      | Reached XP level 2. HP: 3/19 MP: 2/2
   503 | D:1      | You fall into a shaft and drop 1 floor!
   832 | D:2      | Reached XP level 3. HP: 24/24 MP: 3/3
   854 | D:2      | Reached skill level 6 in Stealth
  1097 | D:2      | Found a sacrificial altar of Ru.
  1498 | D:3      | Found a shadowy altar of Dithmenos.
  1499 | D:3      | Found an iron altar of Okawaru.
  1529 | D:3      | Became a worshipper of Dithmenos the Shadowed
  1564 | D:3      | Noticed Terence
  1570 | D:3      | Killed Terence
  1571 | D:3      | Reached XP level 4. HP: 29/29 MP: 4/4
  1585 | D:3      | Found Icak's General Store.
  1606 | D:3      | Bought a potion of berserk rage for 60 gold pieces
  1606 | D:3      | Bought a scroll of fog for 24 gold pieces
  1612 | D:3      | Found a hazy altar of Hepliaklqana.
  1612 | D:3      | Noticed Ijyb
  1624 | D:3      | Killed Ijyb
  1801 | D:3      | Noticed Natasha
  1811 | D:3      | Killed from afar by Natasha

Illustrated notes

Levels and vault maps discovered:
D:1:      dpeg_arrival_court, layout_basic
D:2:      layout_basic, basic_altar, nicolae_underground_beach
D:3:      layout_basic, old_standard_altar,
          chequers_temple_overflow_statue_of_worship,
          mainiacjoe_overflow_small_starburst, serial_shops, shop, uniq_natasha,
          uniq_ijyb, uniq_terence

Skill      XL: |  1  2  3 |
---------------+----------+-----
Stealth        | 6 |  6.5
Short Blades   | 3 |  3.3
Fighting       | |  2.0
Throwing       | |  2.7
Dodging        | |  1.0
Invocations    | |  0.7

Action                   |  1- 3 |  4- 6 || total
-------------------------+-------+-------++-------
Melee: Dagger            |    60 |    21 ||    81
       Constrict         |    11 |     4 ||    15
       Tentacles         |     7 |     7 ||    14
Throw: Dart              |     1 |       ||     1
 Stab: Sleeping          |    16 |     3 ||    19
Armor: Skin              |     1 |     1 ||     2
Dodge: Dodged            |    20 |     6 ||    26
